 Dungeon Crawl Stone Soup version 0.21-a0-529-g8c7b3f5 (webtiles) character file.

2848 slep the Cleaver (level 9, -6/46 HPs)
             Began as a Vine Stalker Gladiator on Dec 11, 2017.
             Was a Priest of Okawaru.
             Mangled by Duvessa
             ... wielding a +0 short sword of speed
              (9 damage)
             ... on level 7 of the Dungeon.
             The game lasted 00:23:18 (4638 turns).

slep the Cleaver (Vine Stalker Gladiator)           Turns: 4638, Time: 00:23:18

Health: -6/46      AC:  5    Str: 18    XL:     9   Next: 74%
Magic:  0/10       EV: 14    Int:  8    God:    Okawaru [***...]
Gold:   188        SH:  0    Dex: 18    Spells: 8/8 levels left

rFire    . . .     SeeInvis .   a - +2 war axe (elec)
rCold    . . .     Gourm    +   (no shield)
rNeg     . . .     Faith    .   G - +0 leather armour
rPois    .         Spirit   +   c - +0 helmet
rElec    .         Reflect  .   (no cloak)
rCorr    .         Harm     .   k - +0 pair of gloves
MR       +....                  (no boots)
Stlth    +++.......             s - amulet of the gourmand
HPRegen  0.55/turn              (no ring)
MPRegen  0.12/turn              (no ring)

@: hasted, very quick
A: fangs 3, regeneration 1, magic shield, antimagic bite, no potion heal 3, rot
immunity
a: Heroism, Renounce Religion


You were on level 7 of the Dungeon.
You worshipped Okawaru.
Okawaru was most pleased with you.
You were full.

You visited 1 branch of the dungeon, and saw 7 of its levels.
You also visited: Sewer.

You collected 275 gold pieces.
You spent 87 gold pieces at shops.

Inventory:

Hand Weapons
 a - a +2 war axe of electrocution (weapon)
 b - a +0 blowgun
 p - the +6 spear "Zuiq" {protect, *Noise +Fly rPois rC+++}
   (You found it in a sewer)

   It protects the one who uses it against injury (+AC on strike).
   It renders you almost immune to cold.
   It protects you from poison.
   It lets you fly.
   It may make noises in combat.
 x - a +0 blowgun
Missiles
 d - 3 throwing nets (quivered)
 H - 43 poisoned needles
Armour
 c - a +0 helmet (worn)
 k - a +0 pair of gloves (worn)
 G - a +0 leather armour (worn)
Jewellery
 s - an amulet of the gourmand (around neck)
Wands
 L - a wand of disintegration (11)
Scrolls
 h - 4 scrolls of identify {unknown}
 m - 2 scrolls of fog {unknown}
 n - a scroll of fear {unknown}
 o - a scroll of remove curse {unknown}
 q - 3 scrolls of teleportation {unknown}
 r - 2 scrolls of amnesia {unknown}
 v - a scroll of summoning {unknown}
 y - a scroll of enchant weapon {unknown}
 A - a scroll of vulnerability {unknown}
 B - a scroll of magic mapping {unknown}
 D - 2 scrolls of noise {unknown}
 F - 3 scrolls of immolation {unknown}
Potions
 e - a potion of haste
 i - 9 potions of curing {unknown}
 j - a potion of berserk rage {unknown}
 t - a potion of lignification {unknown}
 u - 4 potions of heal wounds {unknown}
 w - 3 potions of flight
 z - 3 potions of magic {unknown}
 E - a potion of ambrosia {unknown}
 I - 3 potions of might
 J - a potion of agility {unknown}
 K - a potion of brilliance
Comestibles
 f - 5 bread rations
 g - a royal jelly
 l - 5 meat rations
 C - a fruit


   Skills:
 + Level 4.7 Fighting
 + Level 9.1 Axes
 + Level 0.4(5.6) Polearms
 + Level 1.8 Throwing
 + Level 3.5 Armour
 + Level 4.3 Dodging
 + Level 5.3 Stealth


You had 8 spell levels left.
You didn't know any spells.

Dungeon Overview and Level Annotations

Branches:
Dungeon (7/15)             Temple (0/1) D:7

Altars:
Ashenzari
Cheibriados
Dithmenos
Fedhas
Gozag
Hepliaklqana
Okawaru
Qazlal
Sif Muna
Vehumet
Yredelemnul

Shops:
D:4 *

Annotations:
D:7 Duvessa


Innate Abilities, Weirdness & Mutations

You have razor-sharp teeth.
Your natural rate of healing is unusually fast.
When hurt, damage is shared between your health and your magic reserves.
Your bite disrupts and absorbs the magic of your enemies.
Potions cannot restore your health.
You are immune to rotting.


Message History

Duvessa hits you with a short sword of speed.
You hit Duvessa. You bite Duvessa. You drain her power.
You feel invigorated.
Duvessa is heavily wounded.
Duvessa barely misses you.
Duvessa hits you with a short sword of speed!
You hit Duvessa. Your bite misses Duvessa.
Duvessa is heavily wounded.
Duvessa hits you with a short sword of speed!
* * * LOW HITPOINT WARNING * * *
Duvessa hits you with a short sword of speed.
* * * LOW HITPOINT WARNING * * *
You barely miss Duvessa. You bite Duvessa, but do no damage.
Duvessa is heavily wounded.
Duvessa barely misses you. Duvessa misses you.
Duvessa hits you with a short sword of speed.
* * * LOW HITPOINT WARNING * * *
You see here 21 bolts.
You feel yourself speed up.
Duvessa hits you with a short sword of speed!
You die...

######### # #.......# #
#.......#
########.......#
......##.......#######.##
.......##..##...@.......#
#...............e.)..[..#
....###....###..........#
......###..###...?......#
###....#<....######..#.##
##.....###.# ..# #
###..#)..##... ....
#...###...##### #..#
##.####........# ..#


You could see Duvessa (berserk).

Vanquished Creatures
  The ghost of TheHza the Covert, a novice GnAs of Cheibriados (D:7)
  Sigmund (D:3)
  The ghost of SFR the Sneak, an amateur DgWn (D:4)
  A sky beast (D:5)
  An ice beast (D:6)
  A phantom (D:7)
  An ogre (D:6)
  A necrophage (D:7)
  2 centaurs
  A big kobold (Sewer)
  2 bullfrogs
  The ghost of zazu2006 the Sneak, an amateur VSEn (D:3)
  A scorpion (D:6)
  4 killer bees (D:7)
  Dowan (D:7)
  2 crimson imps (D:5)
  2 centaur skeletons
  4 hounds
  3 bullfrog skeletons
  2 orc priests (D:7)
  A jelly (D:5)
  An orc wizard (D:7)
  2 iguanas
  5 worker ants
  A howler monkey zombie (D:6)
  11 adders
  A river rat (D:6)
  2 shadow imps (D:5)
  3 oozes
  3 worms
  2 dart slugs (D:1)
  7 leopard geckos
  12 orcs
  14 bats
  2 giant cockroaches
  8 goblins
  5 hobgoblins (D:1)
  4 jackals (D:4)
  2 quokkas
  5 ball pythons
  4 frilled lizards
  19 kobolds
  A quokka skeleton (D:5)
  7 rats
155 creatures vanquished.

Notes
Turn   | Place    | Note
-------+----------+-------------------------------------------
     0 | D:1      | slep the Vine Stalker Gladiator began the quest for the Orb.
     0 | D:1      | Reached XP level 1. HP: 11/11 MP: 2/2
     4 | D:1      | Noticed an electric eel
     4 | D:1      | Noticed an electric eel
    36 | D:1      | Reached skill level 1 in Stealth
    70 | D:1      | Reached XP level 2. HP: 5/15 MP: 3/3
   226 | D:1      | Reached skill level 3 in Axes
   322 | D:1      | Reached XP level 3. HP: 12/18 MP: 4/4
   878 | D:2      | Gained mutation: Your natural rate of healing is unusually fast. [Vine Stalker growth]
   878 | D:2      | Reached XP level 4. HP: 11/23 MP: 3/5
  1064 | D:2      | Found a blossoming altar of Fedhas.
  1085 | D:2      | Found a radiant altar of Vehumet.
  1181 | D:2      | Found a stormy altar of Qazlal.
  1183 | D:2      | Found a snail-covered altar of Cheibriados.
  1672 | D:3      | Found a shadowy altar of Dithmenos.
  1724 | D:3      | Reached XP level 5. HP: 20/27 MP: 3/6
  1774 | D:3      | Found an iron altar of Okawaru.
  1780 | D:3      | Became a worshipper of Warmaster Okawaru
  1873 | D:3      | Reached skill level 1 in Armour
  2181 | D:3      | Noticed Sigmund
  2189 | D:3      | Killed Sigmund
  2189 | D:3      | Reached skill level 4 in Axes
  2189 | D:3      | Reached XP level 6. HP: 13/32 MP: 7/7
  2266 | D:3      | Noticed zazu2006's ghost (amateur VSEn)
  2272 | D:3      | Killed zazu2006's ghost
  2272 | D:3      | Reached * piety under Okawaru
  2419 | D:4      | Noticed SFR's ghost (amateur DgWn)
  2437 | D:4      | Killed SFR's ghost
  2437 | D:4      | Reached XP level 7. HP: 16/36 MP: 4/8
  2487 | D:4      | Reached skill level 5 in Axes
  2820 | D:4      | Found a hazy altar of Hepliaklqana.
  2938 | D:4      | Found Mesheis's Assorted Antiques.
  2941 | D:4      | Bought a scroll labeled LAPUDI QYNAD for 30 gold pieces
  2941 | D:4      | Bought a puce potion for 27 gold pieces
  2941 | D:4      | Bought a scroll labeled VANONU FIKIR for 30 gold pieces
  3122 | D:5      | Entered Level 5 of the Dungeon
  3256 | D:5      | Reached ** piety under Okawaru
  3293 | D:5      | Found a shattered altar of Ashenzari.
  3307 | D:5      | Gained mutation: You have razor-sharp teeth. [Vine Stalker growth]
  3307 | D:5      | Reached XP level 8. HP: 39/40 MP: 9/9
  3477 | D:5      | Reached skill level 6 in Axes
  3681 | D:6      | Reached skill level 7 in Axes
  3837 | D:6      | Found an opulent altar of Gozag.
  3845 | D:6      | Found a deep blue altar of Sif Muna.
  3849 | D:6      | Found a basalt altar of Yredelemnul.
  3883 | D:6      | Found a glowing drain.
  3893 | Sewer    | Entered a sewer
  4007 | Sewer    | Got a jewelled spear
  4135 | Sewer    | Identified the +6 spear "Zuiq" {protect, *Noise +Fly rPois rC+++} (You found it in a sewer)
  4340 | D:7      | Noticed TheHza's ghost (novice GnAs)
  4345 | D:7      | Reached XP level 9. HP: 44/45 MP: 8/10
  4352 | D:7      | Killed TheHza's ghost
  4352 | D:7      | Reached *** piety under Okawaru
  4352 | D:7      | Reached skill level 8 in Axes
  4411 | D:7      | Reached skill level 5 in Stealth
  4503 | D:7      | Reached skill level 9 in Axes
  4509 | D:7      | Found a staircase to the Ecumenical Temple.
  4528 | D:7      | Found a stormy altar of Qazlal.
  4624 | D:7      | Noticed Dowan
  4628 | D:7      | Noticed Duvessa
  4631 | D:7      | Killed Dowan
  4638 | D:7      | Mangled by Duvessa

Vault maps used:
D:1:      arrival_aquarium_b, glass_columns_b
D:2:      grunt_temple_overflow_open, first_bread
D:3:      okawaru_gym_becter, marbit_many_paths, uniq_sigmund
D:4:      kennysheep_little_box, serial_shops, kennysheep_mini
D:5:      overflow_temple_1_default
D:6:      minitemple, cheibrodos_sewer_entry_sluice
D:7:      minmay_temple_entry_grid, basic_altar, uniq_duvessa
Sewer:    kennysheep_pipe_town

Skill      XL: |  1  2  3  4  5  6  7  8  9 |
---------------+----------------------------+-----
Stealth        | 1 2 3 4 5 |  5.3
Axes           | 3 4 5 7 9 |  9.1
Fighting       | 2 3 4 |  4.7
Dodging        | 3 4 |  4.3
Armour         | 1 2 3 |  3.5
Polearms       | |  0.4
Throwing       | |  1.8

Action                   |  1- 3 |  4- 6 |  7- 9 || total
-------------------------+-------+-------+-------++-------
Melee: War axe           |    73 |    96 |   216 ||   385
       Bite              |    20 |    20 |    68 ||   108
       Spear             |       |       |    13 ||    13
Throw: Throwing net      |       |       |     1 ||     1
  Use: Potion            |       |     4 |     1 ||     5
 Stab: Sleeping          |     6 |     3 |     5 ||    14
       Held in net/web   |       |       |     1 ||     1
  Eat: Chunk             |       |     5 |    14 ||    19
       Fruit             |       |     1 |       ||     1
Armor: Leather armour    |    18 |    17 |    50 ||    85
Dodge: Dodged            |    59 |    59 |   169 ||   287

Table legend:
 A = Spawn XP
 B = Non-spawn XP
 C = Spawn XP percentage of total XP
 D = Spawn monster count
 E = Non-spawn monster count
 F = Spawn count percentage of total count
 G = Total turns spent on level
                    A         B        C        D         E        F      G
               +---------+---------+-------+---------+---------+-------+---------
         Total |       0 |    4069 |   0.0 |       0 |     155 |   0.0 |  4638
               +---------+---------+-------+---------+---------+-------+---------
           D:1 |       0 |      58 |   0.0 |       0 |      26 |   0.0 |   865
           D:2 |       0 |     104 |   0.0 |       0 |      20 |   0.0 |   734
           D:3 |       0 |     326 |   0.0 |       0 |      12 |   0.0 |   820
           D:4 |       0 |     379 |   0.0 |       0 |      16 |   0.0 |   703
           D:5 |       0 |     549 |   0.0 |       0 |      18 |   0.0 |   520
           D:6 |       0 |     753 |   0.0 |       0 |      14 |   0.0 |   421
           D:7 |       0 |    1758 |   0.0 |       0 |      25 |   0.0 |   307
         Sewer |       0 |     142 |   0.0 |       0 |      24 |   0.0 |   268
               +---------+---------+-------+---------+---------+-------+---------
